 Dungeon Crawl Stone Soup version 0.30.0-29-ga12c61a403 (webtiles) character file.

Game seed: 14031194211322010927

7779 qw the Cleaver (level 11, -13/71 HPs)
             Began as a Gargoyle Fighter on June 5, 2023.
             Was a Believer of Okawaru.
             Mangled by a freezing wraith (22 damage)
             ... led by a death knight
             ... on level 10 of the Dungeon.
             The game lasted 00:04:17 (8618 turns).

qw the Cleaver (Gargoyle Fighter)                   Turns: 8618, Time: 00:04:18

Health: -13/71     AC: 32    Str: 25    XL:     11   Next: 20%
Magic:  13/14      EV:  9    Int:  8    God:    Okawaru [**....]
Gold:   120        SH:  6    Dex:  9    Spells: 10/10 levels left

rFire   . . .        n - +0 broad axe
rCold   . . .        c - +0 buckler
rNeg    + . .        v - +0 plate armour
rPois   inf          f - +0 helmet
rElec   +            q - +0 cloak
rCorr   .            e - +2 pair of gloves
SInv    .            p - +0 pair of boots
Will    .....        (no amulet) Stlth
                     s - +4 ring of slaying {mikee}
HPRegen 0.31/turn    (no ring)
MPRegen 0.14/turn

%: no passive effects
@: about to teleport, heroic, slowed, very slow
A: sickness immunity, AC +8, negative energy resistance 1, electricity
resistance, torment resistance 1, petrification resistance
a: Renounce Religion, Heroism


You were on level 10 of the Dungeon.
You worshipped Okawaru.
Okawaru was pleased with you.
You visited 2 branches of the dungeon, and saw 11 of its levels.

You collected 532 gold pieces.
You spent 412 gold pieces at shops.


Innate Abilities, Weirdness & Mutations

You are immune to sickness and miasma.
Your stone body is resilient. (AC +8)
You are immune to poison.
You resist negative energy. (rN+)
You are resistant to electric shocks. (rElec)
You are resistant to unholy torment.
You are immune to petrification.


   Skills:
 - Level 9.0(14.0) Fighting
 + Level 11.0(16.0) Axes
 - Level 1.7(6.7) Throwing
 - Level 9.0(14.0) Armour
 - Level 1.1(6.1) Dodging
 - Level 5.0(10.0) Shields
 - Level 4.0 Invocations


You had 10 spell levels left.
You didn't know any spells.
Your spell library was empty.

Inventory:

Hand Weapons
 n - a +0 broad axe (weapon)
 w - a +1 hand axe of flaming
Missiles
 u - 7 boomerangs (quivered)
Armour
 c - a +0 buckler (worn)
 e - a +2 pair of gloves (worn)
 f - a +0 helmet (worn)
 o - a scarf of resistance
 p - a +0 pair of boots (worn)
 q - a +0 cloak (worn)
 r - a +1 chain mail of willpower
 v - a +0 plate armour (worn)
Jewellery
 s - a +4 ring of slaying (left hand) {mikee}
 y - a ring of fire
Wands
 g - a wand of digging (8)
Scrolls
 a - 3 scrolls of identify
 k - 2 scrolls of teleportation
 t - a scroll of enchant weapon {unknown}
 x - a scroll of blinking {unknown}
Potions
 b - a potion of resistance
 d - a potion of might
 h - 7 potions of heal wounds
 i - a potion of curing
 j - a potion of mutation
 l - 2 potions of attraction
 m - a potion of lignification

Dungeon Overview and Level Annotations

Branches:
Dungeon (10/15)            Temple (1/1) D:7            Lair (0/5) D:10
    Orc: D:9-12

Altars:
Ashenzari
Cheibriados
Dithmenos
Elyvilon
Fedhas
Gozag
Hepliaklqana
Kikubaaqudgha
Makhleb
Nemelex Xobeh
Okawaru
Qazlal
Ru
Sif Muna
Trog
Uskayaw
Vehumet
Wu Jian
Xom
Yredelemnul
Zin
The Shining One

Shops:
D:1 *   D:4 *::[?   D:8 [

Annotations:
D:5 1 runed translucent door, Crazy Yiuf


Message History

The skeletal warrior is severely damaged.
The skeletal warrior hits you but does no damage.
You hit the skeletal warrior.
The skeletal warrior is severely damaged.
You hit the skeletal warrior but do no damage.
The skeletal warrior is severely damaged.
You hit the skeletal warrior.
The skeletal warrior is almost destroyed.
You barely miss the freezing wraith.
The skeletal warrior hits you with a +0 short sword of venom!
You block the freezing wraith's attack. The freezing wraith barely misses you.
You barely miss the skeletal warrior.
The skeletal warrior is almost destroyed.
You hit the freezing wraith.
The skeletal warrior hits you but does no damage.
You block the freezing wraith's attack. The freezing wraith closely misses you.
You closely miss the skeletal warrior.
The skeletal warrior is almost destroyed.
You hit the freezing wraith. The skeletal warrior misses you.
The freezing wraith hits you but does no damage.
The freezing wraith hits you. The freezing wraith drains your vigour!
You feel yourself slow down.
You slice the skeletal warrior!!
You destroy the skeletal warrior!
Okawaru accepts your kill.
You slash the freezing wraith!
The howler monkey hoots and howls with incredible vigour!
You block the freezing wraith's attack. x2
Your base Armour skill increases to level 9!
You closely miss the freezing wraith.
The freezing wraith is moderately damaged.
The death knight's dark mirror aura disappears.
The freezing wraith hits you. The freezing wraith freezes you!!
The freezing wraith hits you but does no damage.
8618 ||| READING 3 scrolls of teleportation.
As you read the scroll of teleportation, it crumbles to dust.
You feel strangely unstable. The freezing wraith hits you.
The freezing wraith freezes you!!
You die... #.####.... .....$~$.....### #.... ....p~..... #.... ..~~~~~.. #!... ..(~c.. #.... .WDhc #..!% czo

#..%! ##W# #%.%. #)@#
.## ##### ##..# ..#
##..######..###
#.............#
#.#.#.....#.#.#
#.............#
#.#.#.....#.#.# ##
#.............######.
###.........#........


You could see a death knight, a skeletal warrior, a freezing wraith, a wraith, a
steam dragon, 3 centaurs, a howler monkey (catching breath) and an orc.

Vanquished Creatures
  A skeletal warrior (D:10)
  Pikel (D:9)
  A cyclops (D:6)
  A kobold demonologist (D:10)
  A queen bee (D:10)
  A hornet (D:9)
  A shadow (D:10)
  A wyvern (D:9)
  A steam dragon (D:9)
  Eustachio (D:6)
  Menkaure (D:4)
  3 vampire mosquitoes (D:10)
  4 orc warriors
  An ice beast (D:7)
  A sky beast (D:8)
  2 black bears (D:4)
  9 centaurs
  2 ogres
  3 phantoms
  3 lemures (D:9)
  2 kobold brigands (D:9)
  A bullfrog (D:7)
  A gnoll sergeant (D:8)
  4 wights (D:7)
  25 killer bees (D:10)
  2 howler monkeys (D:10)
  4 hounds
  A jelly (D:4)
  7 orc priests
  4 iguanas
  A sleepcap (D:6)
  9 orc wizards
  Robin (D:3)
  10 gnolls
  15 adders
  A shadow imp (D:7)
  A white imp (D:7)
  A dart slug (D:1)
  34 orcs
  12 ball pythons
  8 bats
  7 endoplasms
  6 giant cockroaches
  4 hobgoblins
  2 quokkas
  2 frilled lizards
  16 goblins
  13 kobolds
  7 rats
240 creatures vanquished.

Vanquished Creatures (others)
  An orc wizard (D:10)
1 creature vanquished.

Grand Total: 241 creatures vanquished

Notes
Turn   | Place    | Note
-------+----------+-------------------------------------------
     0 | D:1      | qw the Gargoyle Fighter began the quest for the Orb.
     0 | D:1      | Reached XP level 1. HP: 14/14 MP: 1/1
     0 | D:1      | 0 ||| qw: Version: 0.2-a-108-gee2c290
     0 | D:1      | 0 ||| qw: Game counter: 1399
     0 | D:1      | 0 ||| qw: Always use a shield: true
     0 | D:1      | 0 ||| qw: God list: Okawaru
     0 | D:1      | 0 ||| qw: Allow faded altars: false
     0 | D:1      | 0 ||| qw: Do Orc after D:15 true
     0 | D:1      | 0 ||| qw: Do second Lair branch before Depths: true
     0 | D:1      | 0 ||| qw: Lair rune preference: random
     0 | D:1      | 0 ||| qw: Plans: Normal, Zot:1-4, Slime:5, God:TSO, Crypt,
                  | Tomb, Abyss, Pan, Hells, Win
     0 | D:1      | 0 ||| PLANNING D:1-11
    25 | D:1      | Reached skill level 2 in Axes
    42 | D:1      | Found Tevovuh's Assorted Antiques.
    51 | D:1      | 51 ||| SHOPLISTING 2 white potions (45 gold, have 0).
    51 | D:1      | 51 ||| SHOPLISTING runed bronze wand (100 gold, have 0).
    51 | D:1      | 51 ||| SHOPLISTING scroll labelled ROCO RATHO (25 gold,
                  | have 0).
    51 | D:1      | 51 ||| SHOPLISTING scroll labelled ZODIAGRAWO (25 gold,
                  | have 0).
   115 | D:1      | Reached XP level 2. HP: 19/19 MP: 2/2
   363 | D:1      | Reached skill level 3 in Axes
   470 | D:1      | 470 ||| READING 2 scrolls labelled DEUCO YTOUMNU.
   471 | D:1      | 471 ||| READING scroll labelled GIYCWO BOAN.
   472 | D:1      | 472 ||| READING 2 scrolls labelled ZODIAGRAWO.
   476 | D:1      | 476 ||| READING scroll labelled JOSTAOBRAMP.
   477 | D:1      | 477 ||| DRINKING 2 murky ruby potions.
   483 | D:1      | 483 ||| DROPPING potion of ambrosia.
   495 | D:2      | 495 ||| Stepping ~*~*~tactically~*~*~ (stealth).
   502 | D:2      | Reached XP level 3. HP: 23/23 MP: 3/3
   530 | D:2      | 530 ||| DROPPING +0 club.
   531 | D:2      | 531 ||| DROPPING +0 mace.
   541 | D:2      | Reached XP level 4. HP: 18/28 MP: 4/4
   542 | D:2      | Reached skill level 4 in Axes
   588 | D:2      | 588 ||| Stepping ~*~*~tactically~*~*~ (stealth).
   595 | D:2      | 595 ||| Stepping ~*~*~tactically~*~*~ (stealth).
   957 | D:2      | Reached XP level 5. HP: 32/32 MP: 5/5
  1304 | D:2      | 1304 ||| UPGRADING to +0 pair of gloves.
  1309 | D:2      | 1309 ||| DROPPING orb of light.
  1310 | D:2      | 1310 ||| UPGRADING to +0 pair of boots.
  1315 | D:2      | 1315 ||| UPGRADING to +0 cloak.
  1320 | D:2      | 1320 ||| READING scroll labelled ZIXEQU RYASOPS.
  1321 | D:2      | 1321 ||| READING 2 scrolls labelled BAQIK SEHANG.
  1322 | D:2      | 1322 ||| READING scroll labelled KOSSOA XUSOSTI.
  1323 | D:2      | 1323 ||| DRINKING 2 white potions.
  1324 | D:2      | 1324 ||| DROPPING scroll of fear.
  1332 | D:3      | Noticed Robin
  1338 | D:3      | Reached skill level 5 in Axes
  1351 | D:3      | Killed Robin
  1404 | D:3      | 1404 ||| FLEEEEING.
  1405 | D:3      | 1405 ||| STAIRDANCE
  1680 | D:3      | Reached skill level 1 in Dodging
  1680 | D:3      | Reached XP level 6. HP: 28/38 MP: 6/6
  1844 | D:3      | 1844 ||| UPGRADING to +0 helmet.
  1849 | D:3      | 1849 ||| DROPPING +0 leather armour of fire resistance.
  1850 | D:3      | 1850 ||| UPGRADING to +0 chain mail.
  1860 | D:3      | 1860 ||| DROPPING +0 scale mail.
  1861 | D:3      | 1861 ||| UPGRADING to +4 ring of slaying {mikee}.
  1862 | D:3      | 1862 ||| READING scroll labelled YZOSEPL QUMET.
  1863 | D:3      | 1863 ||| DRINKING 2 metallic green potions.
  1875 | D:4      | Found Taschic's Antique Armour Shop.
  1875 | D:4      | Found Omikhlar's General Store.
  1875 | D:4      | Found Gunus's Book Boutique.
  1907 | D:4      | 1907 ||| BUYING glowing ring mail (126 gold).
  1907 | D:4      | Bought a glowing ring mail for 126 gold pieces
  1907 | D:4      | 1907 ||| SHOPLISTING runed plate armour (468 gold, have
                  | 55).
  1907 | D:4      | 1907 ||| SHOPLISTING shiny plate armour (468 gold, have
                  | 55).
  1921 | D:4      | 1921 ||| BUYING scroll of identify (28 gold).
  1921 | D:4      | Bought a scroll of identify for 28 gold pieces
  1924 | D:4      | Found Nuicsuor's Book Boutique.
  1959 | D:4      | Noticed Menkaure
  1966 | D:4      | Killed Menkaure
  1975 | D:4      | Reached skill level 6 in Axes
  1975 | D:4      | Reached XP level 7. HP: 28/43 MP: 7/7
  2014 | D:4      | 2014 ||| Stepping ~*~*~tactically~*~*~ (stealth).
  2338 | D:4      | Found a blossoming altar of Fedhas.
  2338 | D:4      | Found a glowing golden altar of the Shining One.
  2445 | D:4      | Found Abogyen's Magic Scroll Boutique.
  2451 | D:4      | 2451 ||| BUYING 2 scrolls of identify (44 gold).
  2451 | D:4      | Bought 2 scrolls of identify for 44 gold pieces
  2451 | D:4      | 2451 ||| BUYING scroll of identify (22 gold).
  2451 | D:4      | Bought a scroll of identify for 22 gold pieces
  2451 | D:4      | 2451 ||| SHOPLISTING scroll of teleportation (33 gold, have
                  | 31).
  2529 | D:4      | 2529 ||| Stepping ~*~*~tactically~*~*~ (stealth).
  2540 | D:4      | 2540 ||| Stepping ~*~*~tactically~*~*~ (stealth).
  2541 | D:4      | 2541 ||| Stepping ~*~*~tactically~*~*~ (stealth).
  2542 | D:4      | 2542 ||| Stepping ~*~*~tactically~*~*~ (stealth).
  2548 | D:4      | Reached skill level 7 in Axes
  2587 | D:4      | Reached XP level 8. HP: 42/48 MP: 8/8
  2685 | D:4      | 2685 ||| DROPPING ring of flight.
  2686 | D:4      | 2686 ||| READING 2 scrolls labelled TEDYSAO TIACOD.
  2687 | D:4      | 2687 ||| READING scroll labelled VAITAR HITUS.
  2788 | D:4      | 2788 ||| READING 6 scrolls of identify.
  2788 | D:4      | 2788 ||| IDENTIFYING fizzy ruby potion
  2789 | D:4      | 2789 ||| READING 5 scrolls of identify.
  2789 | D:4      | 2789 ||| IDENTIFYING fuming emerald potion
  2790 | D:4      | 2790 ||| READING 4 scrolls of identify.
  2790 | D:4      | 2790 ||| IDENTIFYING coppery potion
  2791 | D:4      | 2791 ||| READING 3 scrolls of identify.
  2791 | D:4      | 2791 ||| IDENTIFYING bubbling purple potion
  2792 | D:4      | 2792 ||| READING 2 scrolls of identify.
  2792 | D:4      | 2792 ||| IDENTIFYING amethyst potion
  2793 | D:4      | 2793 ||| DROPPING scroll of noise.
  2794 | D:4      | 2794 ||| DROPPING potion of brilliance.
  2795 | D:4      | 2795 ||| DROPPING potion of invisibility.
  2796 | D:4      | 2796 ||| DROPPING potion of flight.
  2797 | D:4      | 2797 ||| DROPPING potion of degeneration.
  2822 | D:5      | Entered Level 5 of the Dungeon
  2852 | D:5      | Found a runed translucent door.
  2853 | D:5      | Noticed Crazy Yiuf
  2947 | D:5      | 2947 ||| Stepping ~*~*~tactically~*~*~ (hiding).
  2957 | D:5      | Reached skill level 1 in Throwing
  3058 | D:5      | 3058 ||| Stepping ~*~*~tactically~*~*~ (stealth).
  3059 | D:5      | 3059 ||| Stepping ~*~*~tactically~*~*~ (stealth).
  3110 | D:5      | 3110 ||| Stepping ~*~*~tactically~*~*~ (hiding).
  3118 | D:5      | 3118 ||| DRINKING potion of curing.
  3118 | D:5      | 3118 ||| (to cure confusion)
  3383 | D:5      | Found a radiant altar of Vehumet.
  3741 | D:5      | Reached skill level 8 in Axes
  3773 | D:5      | Found a glowing silver altar of Zin.
  3901 | D:5      | 3901 ||| READING scroll labelled DOWNIR UZOALUT.
  3902 | D:5      | 3902 ||| READING scroll labelled EDU FANTO.
  4002 | D:6      | 4002 ||| READING scroll of enchant armour.
  4002 | D:6      | 4002 ||| ENCHANTING +0 pair of gloves.
  4160 | D:6      | Reached skill level 6 in Fighting
  4259 | D:6      | 4259 ||| Stepping ~*~*~tactically~*~*~ (hiding).
  4262 | D:6      | 4262 ||| Stepping ~*~*~tactically~*~*~ (stealth).
  4491 | D:6      | Noticed Eustachio
  4505 | D:6      | Killed Eustachio
  4506 | D:6      | Reached XP level 9. HP: 55/55 MP: 9/9
  4640 | D:6      | Noticed a cyclops
  4641 | D:6      | 4641 ||| Stepping ~*~*~tactically~*~*~ (hiding).
  4642 | D:6      | 4642 ||| Stepping ~*~*~tactically~*~*~ (hiding).
  4648 | D:6      | 4648 ||| Stepping ~*~*~tactically~*~*~ (hiding).
  4657 | D:6      | Killed a cyclops
  4658 | D:6      | Reached skill level 9 in Axes
  5487 | D:7      | 5487 ||| Stepping ~*~*~tactically~*~*~ (hiding).
  5628 | D:7      | Found a staircase to the Ecumenical Temple.
  5629 | D:7      | 5629 ||| PLANNING TEMPLE
  5629 | D:7      | 5629 ||| DROPPING scarf of shadows.
  5630 | D:7      | 5630 ||| READING 3 scrolls of identify.
  5630 | D:7      | 5630 ||| IDENTIFYING murky sapphire potion
  5639 | Temple   | Entered the Ecumenical Temple
  5856 | Temple   | 5856 ||| PLANNING D:1-11
  6054 | D:8      | 6054 ||| Stepping ~*~*~tactically~*~*~ (hiding).
  6068 | D:8      | Reached skill level 6 in Armour
  6166 | D:8      | 6166 ||| SWAPPING to +0 broad axe.
  6167 | D:8      | 6167 ||| DROPPING +0 war axe.
  6171 | D:8      | 6171 ||| Stepping ~*~*~tactically~*~*~ (hiding).
  6172 | D:8      | 6172 ||| Stepping ~*~*~tactically~*~*~ (hiding).
  6173 | D:8      | 6173 ||| Stepping ~*~*~tactically~*~*~ (hiding).
  6174 | D:8      | 6174 ||| Stepping ~*~*~tactically~*~*~ (hiding).
  6175 | D:8      | 6175 ||| Stepping ~*~*~tactically~*~*~ (hiding).
  6378 | D:8      | Found Noexus's Armour Shop.
  6385 | D:8      | 6385 ||| BUYING +1 scale mail of cold resistance (192
                  | gold).
  6385 | D:8      | Bought a +1 scale mail of cold resistance for 192 gold
                  | pieces
  6385 | D:8      | 6385 ||| SHOPLISTING +2 cloak of the Thief {*Fog Slay-2
                  | SInv Stlth+} (241 gold, have 23).
  6559 | D:8      | Found a flagged portal.
  6633 | D:8      | 6633 ||| Stepping ~*~*~tactically~*~*~ (hiding).
  6637 | D:8      | 6637 ||| Stepping ~*~*~tactically~*~*~ (stealth).
  6732 | D:8      | Found an iron altar of Okawaru.
  6733 | D:8      | 6733 ||| PLANNING OKAWARU WORSHIP
  6733 | D:8      | 6733 ||| DROPPING +1 ring mail of cold resistance.
  6734 | D:8      | 6734 ||| DROPPING +1 scale mail of cold resistance.
  6735 | D:8      | 6735 ||| UPGRADING to +0 plate armour.
  6745 | D:8      | 6745 ||| DROPPING +0 chain mail.
  6746 | D:8      | 6746 ||| DRINKING 2 glowing emerald potions.
  6775 | D:8      | 6775 ||| READING 2 scrolls of identify.
  6775 | D:8      | 6775 ||| IDENTIFYING orange potion
  6776 | D:8      | 6776 ||| DROPPING potion of berserk rage.
  6779 | D:8      | Became a worshipper of Warmaster Okawaru
  6779 | D:8      | 6779 ||| PLANNING D:1-11
  7097 | D:9      | 7097 ||| DRINKING 2 potions of curing.
  7097 | D:9      | 7097 ||| (to cure confusion)
  7105 | D:9      | Reached XP level 10. HP: 52/63 MP: 10/10
  7220 | D:9      | 7220 ||| Stepping ~*~*~tactically~*~*~ (cloud).
  7221 | D:9      | 7221 ||| Stepping ~*~*~tactically~*~*~ (cloud).
  7229 | D:9      | Reached skill level 10 in Axes
  7229 | D:9      | 7229 ||| Stepping ~*~*~tactically~*~*~ (cloud).
  7285 | D:9      | HP: 16/64 [wyvern (4)]
  7286 | D:9      | 7286 ||| READING 4 scrolls of teleportation.
  7287 | D:9      | 7287 ||| DRINKING 6 potions of heal wounds.
  7398 | D:9      | Reached * piety under Okawaru
  7485 | D:9      | 7485 ||| READING scroll of enchant armour.
  7485 | D:9      | 7485 ||| ENCHANTING +1 pair of gloves.
  7495 | D:9      | Noticed Pikel
  7513 | D:9      | Killed Pikel
  7649 | D:9      | Reached ** piety under Okawaru
  7708 | D:9      | 7708 ||| DROPPING +0 flail.
  7852 | D:9      | 7852 ||| READING 2 scrolls of identify.
  7852 | D:9      | 7852 ||| IDENTIFYING golden potion
  7864 | D:10     | Entered Level 10 of the Dungeon
  7883 | D:10     | Noticed a kobold demonologist
  7904 | D:10     | Killed a kobold demonologist
  7905 | D:10     | Reached skill level 3 in Invocations
  8080 | D:10     | 8080 ||| INVOKING Heroism.
  8101 | D:10     | 8101 ||| INVOKING Heroism.
  8119 | D:10     | Reached skill level 11 in Axes
  8120 | D:10     | 8120 ||| INVOKING Heroism.
  8137 | D:10     | Reached XP level 11. HP: 27/69 MP: 12/14
  8153 | D:10     | 8153 ||| INVOKING Heroism.
  8345 | D:10     | 8345 ||| Stepping ~*~*~tactically~*~*~ (stealth).
  8347 | D:10     | 8347 ||| Stepping ~*~*~tactically~*~*~ (hiding).
  8349 | D:10     | 8349 ||| INVOKING Heroism.
  8384 | D:10     | Found a shadowy altar of Dithmenos.
  8460 | D:10     | Reached skill level 9 in Fighting
  8510 | D:10     | 8510 ||| DROPPING +2 flail of protection.
  8555 | D:10     | Found a staircase to the Lair.
  8578 | D:10     | Noticed a skeletal warrior
  8579 | D:10     | 8579 ||| INVOKING Heroism.
  8588 | D:10     | Noticed a death knight
  8597 | D:10     | Noticed a skeletal warrior
  8606 | D:10     | 8606 ||| INVOKING Heroism.
  8616 | D:10     | Killed a skeletal warrior
  8617 | D:10     | Reached skill level 9 in Armour
  8617 | D:10     | HP: 14/71 [freezing wraith[a death knight] (19)]
  8618 | D:10     | 8618 ||| READING 3 scrolls of teleportation.
  8618 | D:10     | Mangled by a freezing wraith

Levels and vault maps discovered:
D:1:      evilmike_arrival_crescent, layout_rooms, serial_shops, shop,
          wad_floor_pattern_2
D:2:      layout_loops_cross, minmay_snake_closets
D:3:      layout_basic, uniq_robin
D:4:      minmay_spotlight, layout_rooms, nicolae_overflow_two_pavilions,
          serial_shops, nicolae_lakefront_shop, shop, shop_coins,
          nicolae_shop_getting_attention, shop, dreamdust_princess_corridor,
          uniq_menkaure
D:5:      layout_basic, lemuel_round_altar, general_overflow_altar,
          uniq_crazy_yiuf_cottage
D:6:      layout_gridville, uniq_eustachio
D:7:      layout_basic, minmay_temple_entry_drinking_statues
D:8:      layout_basic, kennysheep_mini_moat, enter_bailey_8, serial_shops,
          shop, abandoned_shop
D:9:      layout_big_octagon, minmay_misc_feat_encased, uniq_pikel
D:10:     layout_roguey [special_room_bee], mainiacjoe_overflow_six_doors_small,
          lair_entry_dummy, serial_glass, glass_columns_b, glass_columns_b,
          glass_columns_a, glass_columns_a, glass_columns_b, glass_columns_a,
          glass_columns_b, glass_columns_a, glass_columns_c, glass_columns_a,
          grunt_potential
Temple:   compressed_dpeg_triangle_lava_temple

Skill      XL: |  1  2  3  4  5  6  7  8  9 10 11 |
---------------+----------------------------------+-----
Axes           | 2 3 4 5 6 7 8 9 11 | 11.0
Fighting       | 4 6 7 8 9 |  9.0
Dodging        | 1 |  1.1
Armour         | 4 5 6 8 9 |  9.0
Throwing       | 1 |  1.7
Shields        | 4 5 |  5.0
Invocations    | 4 |  4.0

Action                     |  1- 3 |  4- 6 |  7- 9 | 10-12 || total
---------------------------+-------+-------+-------+-------++-------
  Melee: War axe           |    73 |   159 |   188 |       ||   420
         Broad axe         |       |       |    42 |   231 ||   273
  Throw: Boomerang         |       |       |    43 |    18 ||    61
 Invoke: Heroism           |       |       |       |     7 ||     7
    Use: Scroll            |     4 |     4 |    12 |     4 ||    24
         Potion            |     1 |     2 |     3 |     1 ||     7
 Armour: Scale mail        |    48 |    93 |       |       ||   141
         Chain mail        |       |    14 |   145 |       ||   159
         Plate armour      |       |       |    29 |   231 ||   260
  Dodge: Dodged            |    45 |    98 |    85 |   111 ||   339
  Block: Buckler           |    18 |    40 |    46 |    79 ||   183

Table legend:
 A = Non-vault XP
 B = Vault XP
 C = Vault XP percentage of total XP
 D = Non-vault monster count
 E = Vault monster count
 F = Vault count percentage of total count
                 A         B        C        D         E       F
            +---------+---------+-------+---------+---------+-------
      Total |    6827 |    4287 |  38.6 |     177 |      60 |  25.3
            +---------+---------+-------+---------+---------+-------
        D:1 |      31 |       0 |   0.0 |      18 |       0 |   0.0
        D:2 |     103 |      86 |  45.5 |      17 |      13 |  43.3
        D:3 |      84 |      35 |  29.4 |      14 |      11 |  44.0
        D:4 |     713 |     176 |  19.8 |      31 |       3 |   8.8
        D:5 |     641 |       0 |   0.0 |      19 |       0 |   0.0
        D:6 |     974 |     188 |  16.2 |      11 |       1 |   8.3
        D:7 |     735 |       0 |   0.0 |      11 |       0 |   0.0
        D:8 |     673 |       0 |   0.0 |      11 |       0 |   0.0
        D:9 |    1490 |     697 |  31.9 |      29 |       1 |   3.3
       D:10 |    1383 |    3105 |  69.2 |      16 |      31 |  66.0
            +---------+---------+-------+---------+---------+-------
